 Dungeon Crawl Stone Soup version 0.28-a0-1080-g05a166d0ed (webtiles) character file.

Game seed: 5270865392016495369

599 bearlyready the Stinger (level 7, -2/51 HPs)
             Began as a Gnoll Venom Mage on Dec 9, 2021.
             Slain by a wight (14 damage)
             ... on level 7 of the Dungeon.
             The game lasted 00:07:38 (4545 turns).

bearlyready the Stinger (Gnoll Venom Mage)          Turns: 4545, Time: 00:07:39

Health: -2/51      AC:  2    Str:  7    XL:     7   Next: 41%
Magic:  15/15      EV: 14    Int: 16    God:
Gold:   165        SH:  0    Dex: 13    Spells: 10/17 levels left

rFire   . . .      SeeInvis .   t - +0 morningstar
rCold   . . .      Faith    .   (no shield)
rNeg    . . .      Spirit   .   a - +0 robe
rPois   .          Reflect  .   (no helmet)
rElec   .          Harm     .   p - scarf {shadows}
rCorr   .          Rampage  .   (no gloves)
Will    .....                   (no boots)
Stlth   +++.......              (no amulet)
HPRegen 0.17/turn               (no ring)
MPRegen 0.14/turn               (no ring)

@: no status effects
A: fangs 1, strong nose, distributed training
a: no special abilities


You were on level 7 of the Dungeon.
You visited 1 branch of the dungeon, and saw 6 of its levels.

You collected 165 gold pieces.

Inventory:

Hand Weapons
 d - a +0 dagger
 f - a +1 short sword of venom
 h - a +0 hunting sling
 o - a +0 long sword
 t - a +0 morningstar (weapon)
 u - a +1 dagger of draining
Missiles
 b - 43 arrows
 c - 48 stones
 g - a throwing net
Armour
 a - a +0 robe (worn)
 p - a scarf of shadows (worn)
Jewellery
 v - an amulet of guardian spirit
Scrolls
 e - a scroll of brand weapon {unknown}
 i - a scroll of silence
 j - a scroll of identify {unknown}
 k - a scroll of immolation
 l - a scroll of fog {unknown}
 m - 2 scrolls of fear
 n - a scroll of noise {unknown}
 q - a scroll of teleportation {unknown}
 s - a scroll of enchant weapon {unknown}
Potions
 r - a potion of flight {unknown}


   Skills:
 + Level 2.4 Fighting
 + Level 2.4 Short Blades
 + Level 2.4 Long Blades
 + Level 2.4 Axes
 + Level 2.4 Maces & Flails
 + Level 2.4 Polearms
 + Level 2.4 Staves
 + Level 2.4 Slings
 + Level 2.4 Bows
 + Level 2.4 Crossbows
 + Level 2.4 Throwing
 + Level 2.4 Armour
 + Level 5.2 Dodging
 + Level 4.9 Stealth
 + Level 2.4 Shields
 + Level 2.4 Unarmed Combat
 + Level 5.6 Spellcasting
 + Level 2.0 Conjurations
 + Level 2.0 Hexes
 + Level 2.0 Summonings
 + Level 2.0 Necromancy
 + Level 2.0 Translocations
 + Level 3.0 Transmutations
 + Level 2.0 Fire Magic
 + Level 2.0 Ice Magic
 + Level 2.0 Air Magic
 + Level 2.0 Earth Magic
 + Level 5.8 Poison Magic
 + Level 2.7 Invocations
 + Level 2.4 Evocations


You had 10 spell levels left.
You knew the following spells:

 Your Spells              Type           Power      Damage    Failure   Level
a - Sting                 Tmut/Pois      72%        1d6       2%          1
b - Poisonous Vapours     Pois/Air       34%        N/A       4%          2
c - Olgreb's Toxic Radia  Pois           23%        N/A       13%         4

Your spell library contained the following spells:

 Spells                   Type           Power      Damage    Failure   Level
 Mephitic Cloud           Conj/Pois/Air  15%        N/A       11%         3


Dungeon Overview and Level Annotations

Branches:
Dungeon (7/15)
 Temple: D:4-7

Altars:
Elyvilon
Uskayaw
Xom

Annotations:
D:2 Sigmund
D:3 3 runed translucent doors, fragbeetle's ghost, amateur DrTm


Innate Abilities, Weirdness & Mutations

You have very sharp teeth.
Your uncanny sense of smell can sniff out nearby items.
Your experience applies equally to all skills.


Message History

Confirm with . or Enter, or press ? or * to list all spells.
Aiming: Poisonous Vapours (safe; 4% risk of failure)
Press: ? - help, Dir - move target, f/p - orc
Aim: an orc, wielding a +0 dagger (poisoned)
You miscast Poisonous Vapours.
You are very lightly contaminated with residual magic.
Nothing appears to happen.
A necrophage and a wight come into view.
The orc looks more healthy.
There is a white marble altar of Elyvilon here.
You hear the slow hiss of an avalanche of sand nearby.
Your magical contamination has completely faded away.
Your +1 short sword of venom stops dripping with poison.
t - a +0 morningstar (weapon)
You swing at nothing.
You closely miss the orc. You bite the orc, but do no damage.
The orc is moderately wounded.
The orc hits you with a +0 dagger. x2
You hit the orc. You bite the orc, but do no damage.
The orc is almost dead.
The orc hits you with a +0 dagger.
You barely miss the orc.
The orc is almost dead.
The orc misses you.
You hit the orc.
You kill the orc!
You hit the wight.
The wight is lightly damaged.
The wight barely misses you.
You barely miss the wight.
The wight is lightly damaged.
The wight hits you with a +4 morningstar! x2
* * * LOW HITPOINT WARNING * * *
You barely miss the wight.
The wight is lightly damaged.
The wight barely misses you.
You hit the wight.
The wight is moderately damaged.
The wight hits you with a +4 morningstar!
You die...

..###...###...####
##.#########..
#.#..........
##.##.........
#[..#.........
#.P.##.#####..
#...#<.# ##z##..#
#.#.@###.#####.
#..............
#######.#######
#.# #.# #>. #.#
#.#∆


You could see a wight.

Vanquished Creatures
  3 ogres
  A scorpion (D:4)
  A bullfrog (D:6)
  An electric eel (D:6)
  An iguana (D:4)
  6 adders
  A worm (D:2)
  A dart slug (D:2)
  11 orcs
  7 bats
  6 endoplasms
  A giant cockroach (D:2)
  7 goblins
  4 hobgoblins
  10 jackals
  2 quokkas
  8 ball pythons
  5 frilled lizards
  5 kobolds
  7 rats
88 creatures vanquished.

Notes
Turn   | Place    | Note
-------+----------+-------------------------------------------
     0 | D:1      | bearlyready the Gnoll Venom Mage began the quest for the
                  | Orb.
     0 | D:1      | Reached XP level 1. HP: 13/13 MP: 6/6
   117 | D:1      | Reached XP level 2. HP: 17/19 MP: 3/7
   942 | D:1      | Reached XP level 3. HP: 24/25 MP: 9/9
  1061 | D:1      | Reached skill level 5 in Spellcasting
  1428 | D:1      | Learned a level 2 spell: Poisonous Vapours
  1475 | D:1      | Reached skill level 1 in Invocations
  1691 | D:2      | Reached skill level 1 in Fighting
  1691 | D:2      | Reached skill level 1 in Short Blades
  1691 | D:2      | Reached skill level 1 in Long Blades
  1691 | D:2      | Reached skill level 1 in Axes
  1691 | D:2      | Reached skill level 1 in Maces & Flails
  1691 | D:2      | Reached skill level 1 in Polearms
  1691 | D:2      | Reached skill level 1 in Staves
  1691 | D:2      | Reached skill level 1 in Slings
  1691 | D:2      | Reached skill level 1 in Bows
  1691 | D:2      | Reached skill level 1 in Crossbows
  1691 | D:2      | Reached skill level 1 in Throwing
  1691 | D:2      | Reached skill level 1 in Armour
  1691 | D:2      | Reached skill level 1 in Shields
  1691 | D:2      | Reached skill level 1 in Unarmed Combat
  1691 | D:2      | Reached skill level 1 in Evocations
  1864 | D:2      | Reached XP level 4. HP: 10/32 MP: 8/11
  2374 | D:2      | Noticed Sigmund
  2600 | D:3      | Reached skill level 1 in Conjurations
  2600 | D:3      | Reached skill level 1 in Hexes
  2600 | D:3      | Reached skill level 1 in Summonings
  2600 | D:3      | Reached skill level 1 in Necromancy
  2600 | D:3      | Reached skill level 1 in Translocations
  2600 | D:3      | Reached skill level 1 in Fire Magic
  2600 | D:3      | Reached skill level 1 in Ice Magic
  2600 | D:3      | Reached skill level 1 in Air Magic
  2600 | D:3      | Reached skill level 1 in Earth Magic
  2619 | D:3      | Found a faded altar of an unknown god.
  2818 | D:3      | Noticed an ogre
  2834 | D:3      | Killed an ogre
  2835 | D:3      | Reached XP level 5. HP: 37/37 MP: 4/12
  2894 | D:3      | Learned a level 4 spell: Olgreb's Toxic Radiance
  3101 | D:3      | Found a runed translucent gate.
  3102 | D:3      | Found a runed translucent gate.
  3103 | D:3      | Found a runed translucent gate.
  3104 | D:3      | Noticed fragbeetle's ghost (amateur DrTm)
  3445 | D:4      | Found a hide-covered altar of Uskayaw.
  3479 | D:4      | Reached XP level 6. HP: 42/44 MP: 13/13
  3554 | D:4      | Reached skill level 5 in Dodging
  3694 | D:4      | You fall into a shaft and drop 2 floors!
  3867 | D:6      | Reached XP level 7. HP: 50/50 MP: 8/15
  4234 | D:6      | Found a shimmering altar of Xom.
  4491 | D:7      | Found a white marble altar of Elyvilon.
  4545 | D:7      | Slain by a wight

Illustrated notes

Levels and vault maps discovered:
D:1:      minmay_arrival_stair_chambers, layout_loops_ring,
          hangedman_decor_slide_cut
D:2:      layout_loops_ring, uniq_sigmund, uniq_jessica
D:3:      layout_rooms, gammafunk_ghost_necromancy, basic_ecumenical_altar
D:4:      minmay_general_purpose_star, layout_loops_cross,
          mainiacjoe_overflow_surrounded_room, kennysheep_little_box,
          minmay_temple_entry_poolview, ebering_ghost_disaster_area,
          gup_sewer_entry_spiral, guppyfry_early_orc_mine
D:6:      layout_layer_cave, mainiacjoe_overflow_catwalk,
          general_overflow_altar, chequers_big_river
D:7:      layout_basic, elyvilon_altar_1, trog_butcher_becter,
          nzn_wu_jian_contemplation, mainiacjoe_overflow_alcove_2,
          enter_ossuary_1, serial_co_window_serial, co_window_corner_a,
          co_window_paths_b, co_window_corner_a, co_window_paths_a,
          co_window_of_opportunity_a, co_window_corner_a,
          co_window_of_opportunity_a, co_window_of_opportunity_a,
          co_window_cross_1, co_window_broadway_a, co_window_unsneaky_path_e,
          co_window_of_opportunity_b, st_stairs_10, minmay_hedge_maze,
          minmay_tree_intersection, minmay_liquid_box

Skill      XL: |  1  2  3  4  5  6  7 |
---------------+----------------------+-----
Transmutations | 2 3 |  3.0
Spellcasting   | 5 |  5.6
Invocations    | 1 2 |  2.7
Fighting       | 1 2 |  2.4
Short Blades   | 1 2 |  2.4
Long Blades    | 1 2 |  2.4
Axes           | 1 2 |  2.4
Maces & Flails | 1 2 |  2.4
Polearms       | 1 2 |  2.4
Staves         | 1 2 |  2.4
Slings         | 1 2 |  2.4
Bows           | 1 2 |  2.4
Crossbows      | 1 2 |  2.4
Throwing       | 1 2 |  2.4
Armour         | 1 2 |  2.4
Shields        | 1 2 |  2.4
Unarmed Combat | 1 2 |  2.4
Evocations     | 1 2 |  2.4
Conjurations   | 1 2 |  2.0
Hexes          | 1 2 |  2.0
Summonings     | 1 2 |  2.0
Necromancy     | 1 2 |  2.0
Translocations | 1 2 |  2.0
Fire Magic     | 1 2 |  2.0
Ice Magic      | 1 2 |  2.0
Air Magic      | 1 2 |  2.0
Earth Magic    | 1 2 |  2.0
Dodging        | 5 |  5.2
Stealth        | |  4.9
Poison Magic   | |  5.8

Action                   |  1- 3 |  4- 6 |  7- 9 || total
-------------------------+-------+-------+-------++-------
Melee: Unarmed           |    16 |       |       ||    16
       Bite              |     4 |     5 |     4 ||    13
       Dagger            |     4 |       |       ||     4
       Short sword       |    35 |    72 |    11 ||   118
       Morningstar       |       |       |     8 ||     8
 Cast: Sting             |    33 |    32 |     2 ||    67
       Poisonous Vapours |       |    11 |     7 ||    18
       Olgreb's Toxic Ra |       |     2 |     1 ||     3
  Use: Scroll            |       |     2 |     1 ||     3
 Stab: Sleeping          |     1 |     5 |       ||     6
       Distracted        |       |     1 |       ||     1
Armor: Robe              |    14 |    10 |     1 ||    25
Dodge: Dodged            |    47 |    58 |     9 ||   114

Table legend: (Time is in decaauts)
 A = Elapsed time spent in this place.
 B = Non-inter-level travel time spent in this place.
 C = Inter-level travel time spent in this place.
 D = Time resting spent in this place.
 E = Time spent auto-exploring this place.
 F = Levels seen in this place.
 G = Mean time per level.
                   A        B        C        D        E       F      G
               +--------+--------+--------+--------+--------+-----+--------+
         Total |   4550 |   4486 |     64 |    900 |   2768 |   6 |  758.3 |
       Dungeon |   4550 |   4486 |     64 |    900 |   2768 |   6 |  758.3 |
               +--------+--------+--------+--------+--------+-----+--------+

Top non-repeatable levels by time:
     D:1: 1682 daAuts
     D:2: 894 daAuts
     D:3: 736 daAuts
     D:6: 680 daAuts
     D:4: 384 daAuts
     D:7: 172 daAuts
